WCHLSIM.com - West Coast Hockey League
html PUBLIC "-//W3C//DTD XHTML 1.0 Transitional//EN" "http://www.w3.org/TR/xhtml1/DTD/xhtml1-transitional.dtd"> WCHL - Game 828 - PORTLAND PIRATES vs VICTORIA GLADIATORS

PORTLAND PIRATES vs VICTORIA GLADIATORS

Created - 16 février 2024 at 21:05

Goals
1 2 3 OT1 SO T
PORTLAND PIRATES 2 2 0 0 2 5
VICTORIA GLADIATORS 3 0 1 0 1 4
Shots
1 2 3 OT1 SO T
PORTLAND PIRATES 13 17 6 4 5 40
VICTORIA GLADIATORS 9 17 12 3 5 41

1st period

1. PORTLAND PIRATES , Travis Konecny 23 (Brett Pesce 16) at 6:19
2. PORTLAND PIRATES , Mika Zibanejad 33 (Robert Thomas 30, Brian Dumoulin 10) at 10:28
3. VICTORIA GLADIATORS , Frank Vatrano 10 (Mark Scheifele 30, Ivan Provorov 22) at 10:42
4. VICTORIA GLADIATORS , Noel Acciari 9 (Brock McGinn 4, Cole Smith 11) at 15:38
5. VICTORIA GLADIATORS , Mikael Granlund 13 (Brandon Montour 31, Frank Vatrano 19) at 16:18 (PP)

Penalties :
Brett Pesce (POR) for Holding (Minor) at 0:11, Alec Martinez (POR) for Roughing (Minor) at 16:04

2nd period

6. PORTLAND PIRATES , Jonathan Toews 13 (Thomas Chabot 14, Brian Dumoulin 11) at 2:08
7. PORTLAND PIRATES , Jonathan Toews 14 (William Carrier 7) at 10:10

Penalties :
Brian Dumoulin (POR) for Diving (Minor) at 2:58, Jason Zucker (VIC) for Roughing (Minor) at 4:49, Yanni Gourde (POR) for Holding (Minor) at 15:33

3rd period

8. VICTORIA GLADIATORS , Mikael Granlund 14 (David Pastrnak 31, Brad Marchand 19) at 12:33 (PP)

Penalties :
Yanni Gourde (POR) for Roughing (Minor) at 6:39, Alec Martinez (POR) for Hooking (Minor) at 10:42

Overtime #1

No Goal

Penalties :
No Penalty

Shootout

PORTLAND PIRATES, Mika Zibanejad - Stopped by Jake Oettinger
VICTORIA GLADIATORS, David Pastrnak - Goal!
PORTLAND PIRATES, Travis Konecny - Goal!
VICTORIA GLADIATORS, Brad Marchand - Shot Misses the Net
PORTLAND PIRATES, Robert Thomas - Shot Misses the Net
VICTORIA GLADIATORS, Jason Zucker - Stopped by Cameron Talbot
PORTLAND PIRATES, Chandler Stephenson - Stopped by Jake Oettinger
VICTORIA GLADIATORS, Alex Iafallo - Stopped by Cameron Talbot
PORTLAND PIRATES, Pavel Zacha - Goal!
VICTORIA GLADIATORS, Frank Vatrano - Stopped by Cameron Talbot

Penalties :
No Penalty

Goalie Stats

Cameron Talbot (POR), 37 saves from 41 shots - (0,902), W, 7-5-0, 65:00 minutes
Jake Oettinger (VIC), 36 saves from 40 shots - (0,900), OTL, 29-16-2, 65:00 minutes

Players Stats for PORTLAND PIRATES

Player Name              G  A  P  +/- PIM S  H  SB GA TA FO     MP     PP MP  PK MP  
------------------------------------------------------------------------------------
Alec Martinez            0  0  0   0  4   0  0  0  0  0  0/0    16:39   0:00   3:23 
Brett Pesce              0  1  1   0  2   0  1  5  0  0  0/0    23:46   0:00   4:34 
Brian Dumoulin           0  2  2   2  2   0  1  1  0  0  0/0    21:32   0:00   3:32 
Chandler Stephenson      0  0  0  -1  0   4  1  0  0  0  10/23  19:27   1:03   0:03 
Jonathan Toews           2  0  2   1  0   8  0  1  0  0  10/20  12:38   0:00   1:31 
Marc Staal               0  0  0   1  0   0  5  0  0  0  0/0    15:51   0:00   5:39 
Michael McLeod           0  0  0   0  0   0  0  0  0  0  9/18   10:20   1:03   6:13 
Mika Zibanejad           1  0  1   2  0   5  1  0  0  0  9/22   21:28   1:03   0:00 
Nathan Bastian           0  0  0   0  0   0  1  0  0  0  0/0     9:17   0:00   6:13 
Nick Holden              0  0  0  -1  0   0  0  1  0  0  0/0     6:31   1:03   2:14 
Pavel Zacha              0  0  0  -1  0   4  2  0  0  0  0/1    17:34   0:48   0:00 
Robert Thomas            0  1  1   2  0   4  0  0  0  0  2/5    20:54   0:48   0:00 
Ryan McLeod              0  0  0   1  0   0  1  0  0  0  0/0    15:32   0:48   3:37 
Thomas Chabot            0  1  1   2  0   0  0  0  0  0  0/0    21:14   0:48   0:00 
Travis Hamonic           0  0  0   0  0   0  2  0  0  0  0/0    17:32   0:00   0:24 
Travis Konecny           1  0  1   2  0   7  1  0  0  0  1/1    20:46   1:03   0:00 
William Carrier          0  1  1   1  0   3  2  0  0  0  0/1    14:11   0:00   0:00 
Yanni Gourde             0  0  0  -1  4   5  2  0  0  0  1/3    19:41   0:48   2:09 

Players Stats for VICTORIA GLADIATORS

Player Name              G  A  P  +/- PIM S  H  SB GA TA FO     MP     PP MP  PK MP  
------------------------------------------------------------------------------------
Adam Lowry               0  0  0  -1  0   2  0  0  0  0  10/17  13:14   0:00   1:22 
Alex Iafallo             0  0  0  -1  0   4  0  0  0  0  0/0    15:15   3:29   0:00 
Barclay Goodrow          0  0  0  -1  0   0  1  0  0  0  1/2    13:08   0:00   1:22 
Brad Marchand            0  1  1  -2  0   2  2  0  0  0  0/2    24:39   6:04   0:00 
Brandon Montour          0  1  1   0  0   4  2  3  0  0  0/0    27:24   5:49   0:00 
Brock McGinn             0  1  1   1  0   1  1  0  0  0  0/0     4:52   0:20   0:00 
Cole Smith               0  1  1   1  0   0  0  0  0  0  0/0     5:01   0:00   0:29 
David Pastrnak           0  1  1  -2  0   4  0  0  0  0  1/1    25:54   6:04   0:00 
Frank Vatrano            1  1  2   0  0   7  1  0  0  0  0/0    20:58   5:49   0:00 
Ivan Provorov            0  1  1  -1  0   3  3  2  0  0  0/0    22:56   4:04   1:02 
Jan Rutta                0  0  0  -1  0   0  1  0  0  0  0/0    12:52   0:00   0:49 
Jason Zucker             0  0  0   0  2   2  4  0  0  0  2/2    18:51   3:48   0:00 
Justin Faulk             0  0  0   0  0   1  0  3  0  0  0/0    24:21   4:04   0:00 
Justin Holl              0  0  0  -1  0   0  0  0  0  0  0/0    12:52   0:00   0:49 
Mark Scheifele           0  1  1   0  0   3  0  1  0  0  21/32  20:51   3:49   0:00 
Mikael Granlund          2  0  2  -2  0   7  0  0  0  0  15/34  26:05   6:04   0:00 
Noel Acciari             1  0  1   1  0   1  0  0  0  0  2/4     5:01   0:00   0:29 
Tyler Myers              0  0  0  -1  0   0  3  0  0  0  0/0    18:46   0:00   1:02 

3 Stars

1 - Jonathan Toews (POR)
2 - Mika Zibanejad (POR)
3 - Travis Konecny (POR)

Power Play

PORTLAND PIRATES - 0 on 1 Attempt(s) - 0,00%
VICTORIA GLADIATORS - 2 on 6 Attempt(s) - 33,33%

Penalty Kill

PORTLAND PIRATES - 4 on 6 Attempt(s) - 66,67% - Score 0 goal in Penalty Kill
VICTORIA GLADIATORS - 1 on 1 Attempt(s) - 100,00% - Score 0 goal in Penalty Kill

Team Stat

PORTLAND PIRATES - Hits : 20 - Faceoff Wins : 42 - Blocked Shots : 8 - Penalty Minutes : 12
VICTORIA GLADIATORS - Hits : 18 - Faceoff Wins : 52 - Blocked Shots : 9 - Penalty Minutes : 2

Official

Referees : Garrett Rank and Stephen Hiff
Linesman : Trent Knorr and Pierre Racicot

Game Notes

No Game Note

Finance

Level 1 -- Attendance: 4102 (65,11%) -- Ticket Income 799 890 $
Level 2 -- Attendance: 3157 (59,57%) -- Ticket Income 520 905 $
Level 3 -- Attendance: 1483 (67,41%) -- Ticket Income 177 960 $
Level 4 -- Attendance: 2625 (62,50%) -- Ticket Income 223 125 $
Luxury Box -- Attendance: 691 (69,10%) -- Ticket Income 224 575 $
Game was played at the Verizon Center.
Total Attendance: 12058 (63,46%)
Total Ticket Income: 1 946 455 $
Other Expense: 19 465 $
Total Income: 1 926 990 $

PORTLAND PIRATES

5 vs 5 Forward 
   Center                   Left Wing                Right Wing               Time % Phy DF OF 
 1 Mika Zibanejad           Travis Konecny           Robert Thomas            34     0   1  4  
 2 Chandler Stephenson      Pavel Zacha              Yanni Gourde             32     0   2  3  
 3 Jonathan Toews           William Carrier          Ryan McLeod              24     0   2  3  
 4 Michael McLeod           William Carrier          Nathan Bastian           10     0   3  2  

5 vs 5 Defense 
   Defense                  Defense                                           Time % Phy DF OF 
 1 Brett Pesce              Travis Hamonic                                    34     0   4  1  
 2 Brian Dumoulin           Thomas Chabot                                     34     0   4  1  
 3 Marc Staal               Alec Martinez                                     22     0   4  1  
 4 Nick Holden              Alec Martinez                                     10     0   4  1  

PowerPlay Forward 
   Center                   Left Wing                Right Wing               Time % Phy DF OF 
 1 Mika Zibanejad           Chandler Stephenson      Travis Konecny           60     0   0  5  
 2 Robert Thomas            Pavel Zacha              Yanni Gourde             40     0   0  5  

PowerPlay Defense
   Defense                  Defense                                           Time % Phy DF OF 
 1 Thomas Chabot            Ryan McLeod                                       60     0   1  4  
 2 Nick Holden              Michael McLeod                                    40     0   1  4  

Penalty Kill 4 Players Forward 
   Center                   Wing                     Time % Phy DF OF 
 1 Michael McLeod           Nathan Bastian           60     0   5  0  
 2 Yanni Gourde             Ryan McLeod              40     0   5  0  

Penalty Kill 4 Players Defense
   Defense                  Defense                  Time % Phy DF OF 
 1 Brett Pesce              Marc Staal               60     0   5  0  
 2 Brian Dumoulin           Alec Martinez            40     0   5  0  

Penalty Kill - 3 Players Forward 
   Forward                                           Time % Phy DF OF 
 1 Michael McLeod                                    55     0   5  0  
 2 Chandler Stephenson                               45     0   5  0  

Penalty Kill - 3 Players Defense
   Defense                  Defense                  Time % Phy DF OF 
 1 Brian Dumoulin           Travis Hamonic           55     0   5  0  
 2 Brett Pesce              Marc Staal               45     0   5  0  

4 vs 4 Forward 
   Center                   Wing                     Time % Phy DF OF 
 1 Mika Zibanejad           Travis Konecny           55     0   1  4  
 2 Robert Thomas            Chandler Stephenson      45     0   1  4  

4 vs 4 Defense
   Defense                  Defense                  Time % Phy DF OF 
 1 Thomas Chabot            Nick Holden              55     0   3  2  
 2 Alec Martinez            Travis Hamonic           45     0   3  2  

Last Minutes Offensive
   Center                   Left Wing                Right Wing               Defense                  Defense                  
   Mika Zibanejad           Travis Konecny           Robert Thomas            Thomas Chabot            Brett Pesce              

Last Minutes Defensive
   Center                   Left Wing                Right Wing               Defense                  Defense                  
   Michael McLeod           Chandler Stephenson      Yanni Gourde             Brian Dumoulin           Brett Pesce              

Goaltenders
Starting : Cameron Talbot           
Backup : Martin Jones             

Extra Forwards
Normal : William Carrier, Michael McLeod, Ryan McLeod - PP : Jonathan Toews, William Carrier - PK : Jonathan Toews
Extra Defensemen
Normal : Alec Martinez, Marc Staal, Travis Hamonic - PP : Brett Pesce - PK : Alec Martinez, Nick Holden
Penalty Shots
Mika Zibanejad, Travis Konecny, Robert Thomas, Chandler Stephenson, Pavel Zacha
Custom OT Lines Forwards
Mika Zibanejad, Robert Thomas, Travis Konecny, Chandler Stephenson, Yanni Gourde, Pavel Zacha, Jonathan Toews, William Carrier, Ryan McLeod, Michael McLeod
Custom OT Lines Defensemen
Thomas Chabot, Brett Pesce, Brian Dumoulin, Travis Hamonic, Nick Holden

Scratches
Michael Amadio (Healthy), Ryan Donato (Healthy), Sam Steel (Back Spasms Injury)

VICTORIA GLADIATORS

5 vs 5 Forward 
   Center                   Left Wing                Right Wing               Time % Phy DF OF 
 1 Mikael Granlund          Brad Marchand            David Pastrnak           36     0   2  3  
 2 Mark Scheifele           Frank Vatrano            Jason Zucker             33     1   2  2  
 3 Adam Lowry               Alex Iafallo             Barclay Goodrow          24     1   2  2  
 4 Noel Acciari             Cole Smith               Brock McGinn             7      0   3  2  

5 vs 5 Defense 
   Defense                  Defense                                           Time % Phy DF OF 
 1 Brandon Montour          Justin Faulk                                      40     0   3  2  
 2 Ivan Provorov            Tyler Myers                                       35     0   3  2  
 3 Justin Holl              Jan Rutta                                         25     0   4  1  
 4 Ivan Provorov            Justin Faulk                                      0      0   4  1  

PowerPlay Forward 
   Center                   Left Wing                Right Wing               Time % Phy DF OF 
 1 Mikael Granlund          Brad Marchand            David Pastrnak           60     1   0  4  
 2 Mark Scheifele           Alex Iafallo             Jason Zucker             40     1   0  4  

PowerPlay Defense
   Defense                  Defense                                           Time % Phy DF OF 
 1 Brandon Montour          Frank Vatrano                                     55     0   1  4  
 2 Ivan Provorov            Justin Faulk                                      45     0   1  4  

Penalty Kill 4 Players Forward 
   Center                   Wing                     Time % Phy DF OF 
 1 Adam Lowry               Barclay Goodrow          60     0   5  0  
 2 Noel Acciari             Cole Smith               40     0   5  0  

Penalty Kill 4 Players Defense
   Defense                  Defense                  Time % Phy DF OF 
 1 Ivan Provorov            Tyler Myers              60     0   5  0  
 2 Justin Holl              Jan Rutta                40     0   5  0  

Penalty Kill - 3 Players Forward 
   Forward                                           Time % Phy DF OF 
 1 Adam Lowry                                        52     0   5  0  
 2 Noel Acciari                                      48     0   5  0  

Penalty Kill - 3 Players Defense
   Defense                  Defense                  Time % Phy DF OF 
 1 Ivan Provorov            Tyler Myers              52     0   5  0  
 2 Justin Holl              Jan Rutta                48     0   5  0  

4 vs 4 Forward 
   Center                   Wing                     Time % Phy DF OF 
 1 Mikael Granlund          David Pastrnak           52     0   3  2  
 2 Mark Scheifele           Frank Vatrano            48     0   3  2  

4 vs 4 Defense
   Defense                  Defense                  Time % Phy DF OF 
 1 Justin Holl              Jan Rutta                52     0   3  2  
 2 Brandon Montour          Justin Faulk             48     0   3  2  

Last Minutes Offensive
   Center                   Left Wing                Right Wing               Defense                  Defense                  
   Mikael Granlund          Brad Marchand            David Pastrnak           Brandon Montour          Justin Faulk             

Last Minutes Defensive
   Center                   Left Wing                Right Wing               Defense                  Defense                  
   Adam Lowry               Alex Iafallo             Barclay Goodrow          Ivan Provorov            Tyler Myers              

Goaltenders
Starting : Jake Oettinger           
Backup : Charlie Lindgren         

Extra Forwards
Normal : Brad Marchand, Mark Scheifele, Jason Zucker - PP : Adam Lowry, Barclay Goodrow - PK : Brock McGinn
Extra Defensemen
Normal : Jan Rutta, Justin Holl, Tyler Myers - PP : Justin Holl - PK : Jan Rutta, Tyler Myers
Penalty Shots
David Pastrnak, Brad Marchand, Jason Zucker, Alex Iafallo, Frank Vatrano
Custom OT Lines Forwards
Mikael Granlund, David Pastrnak, Mark Scheifele, Brad Marchand, Frank Vatrano, Adam Lowry, Alex Iafallo, Jason Zucker, Barclay Goodrow, Noel Acciari
Custom OT Lines Defensemen
Brandon Montour, Justin Faulk, Ivan Provorov, Tyler Myers, Justin Holl

Scratches
Mason Appleton (Left Eye Injury), Niko Mikkola (Healthy)

% Time on Ice - PORTLAND PIRATES

Lines # - Real PCT - Wanted PCT - Time Play
Normal Forward
1 - 36% - 34% - 17:30
2 - 34% - 32% - 16:27
3 - 23% - 24% - 11:07
4 - 6% - 10% - 3:04
Normal Defense
1 - 36% - 34% - 17:08
2 - 37% - 34% - 17:42
3 - 21% - 22% - 10:12
4 - 6% - 10% - 3:06
PP Forward
1 - 57% - 60% - 1:03
2 - 43% - 40% - 0:48
PP Defense
1 - 43% - 60% - 0:48
2 - 57% - 40% - 1:03
PK Forward
1 - 63% - 60% - 6:16
2 - 37% - 40% - 3:37
PK Defense
1 - 57% - 60% - 5:39
2 - 43% - 40% - 4:14
PK3 Forward
1 - 0% - 55%
2 - 0% - 45%
PK3 Defense
1 - 0% - 55%
2 - 0% - 45%
44 Forward
1 - 100% - 55% - 0:08
2 - 0% - 45% - 0:00
44 Defense
1 - 100% - 55% - 0:08
2 - 0% - 45% - 0:00
Last Minute Offensive  - 0:00
Last Minute Defensive  - 0:00
Total
Forward - 60:00
Defense - 60:00

% Time on Ice - VICTORIA GLADIATORS

Lines # - Real PCT - Wanted PCT - Time Play
Normal Forward
1 - 35% - 36% - 16:47
2 - 31% - 33% - 15:03
3 - 24% - 24% - 11:46
4 - 9% - 7% - 4:32
Normal Defense
1 - 38% - 40% - 18:29
2 - 37% - 35% - 17:44
3 - 25% - 25% - 11:55
4 - 0% - 0% - 0:00
PP Forward
1 - 61% - 60% - 6:04
2 - 39% - 40% - 3:49
PP Defense
1 - 59% - 55% - 5:49
2 - 41% - 45% - 4:04
PK Forward
1 - 74% - 60% - 1:22
2 - 26% - 40% - 0:29
PK Defense
1 - 56% - 60% - 1:02
2 - 44% - 40% - 0:49
PK3 Forward
1 - 0% - 52%
2 - 0% - 48%
PK3 Defense
1 - 0% - 52%
2 - 0% - 48%
44 Forward
1 - 100% - 52% - 0:08
2 - 0% - 48% - 0:00
44 Defense
1 - 100% - 52% - 0:08
2 - 0% - 48% - 0:00
Last Minute Offensive  - 0:00
Last Minute Defensive  - 0:00
Total
Forward - 60:00
Defense - 60:00

Play-by-Play

1st period


0:01 of 1st period - Mika Zibanejad wins face-off versus Mikael Granlund in neutral zone.
0:11 of 1st period - Minor Penalty to Brett Pesce for Holding.
0:12 of 1st period - Michael McLeod wins face-off versus Mikael Granlund in PORTLAND PIRATES zone.
1:26 of 1st period - Shot by Alex Iafallo.
1:26 of 1st period - Deflect By Jason Zucker.
1:26 of 1st period - Stopped by Cameron Talbot without a rebound.
1:27 of 1st period - Mark Scheifele wins face-off versus Yanni Gourde in PORTLAND PIRATES zone.
2:21 of 1st period - Shot by Mika Zibanejad.
2:21 of 1st period - Shot Misses the Net.
2:51 of 1st period - Icing by Noel Acciari.
2:52 of 1st period - Chandler Stephenson wins face-off versus Noel Acciari in VICTORIA GLADIATORS zone.
2:52 of 1st period - Thomas Chabot is hit by Jan Rutta and loses puck.
2:59 of 1st period - Shot by Yanni Gourde.
2:59 of 1st period - Stopped by Jake Oettinger with a rebound.
3:11 of 1st period - Justin Holl is hit by Yanni Gourde and loses puck.
4:12 of 1st period - Chandler Stephenson is hit by Tyler Myers and loses puck.
5:00 of 1st period - Shot by David Pastrnak.
5:00 of 1st period - Shot Misses the Net.
5:02 of 1st period - Shot by Brandon Montour.
5:02 of 1st period - Shot Misses the Net.
5:54 of 1st period - Icing by Tyler Myers.
5:55 of 1st period - Mika Zibanejad wins face-off versus Barclay Goodrow in VICTORIA GLADIATORS zone.
6:11 of 1st period - Travis Konecny is hit by Tyler Myers.
6:19 of 1st period - Shot by Travis Konecny.
6:19 of 1st period - Goal by Travis Konecny - PORTLAND PIRATES : 1 - VICTORIA GLADIATORS : 0.
6:20 of 1st period - Mark Scheifele wins face-off versus Chandler Stephenson in neutral zone.
6:43 of 1st period - Off-side.
6:44 of 1st period - Mika Zibanejad wins face-off versus Mikael Granlund in neutral zone.
6:55 of 1st period - Shot by David Pastrnak.
6:55 of 1st period - Shot Blocked by Brett Pesce.
6:57 of 1st period - Shot by Justin Holl.
6:57 of 1st period - Shot Misses the Net.
6:59 of 1st period - Shot by Justin Holl.
6:59 of 1st period - Shot Misses the Net.
7:17 of 1st period - Shot by Mika Zibanejad.
7:17 of 1st period - Stopped by Jake Oettinger without a rebound.
7:18 of 1st period - Chandler Stephenson wins face-off versus Adam Lowry in VICTORIA GLADIATORS zone.
7:55 of 1st period - Shot by Yanni Gourde.
7:55 of 1st period - Stopped by Jake Oettinger without a rebound.
7:56 of 1st period - Mark Scheifele wins face-off versus Mika Zibanejad in VICTORIA GLADIATORS zone.
8:17 of 1st period - Shot by Nick Holden.
8:17 of 1st period - Shot Misses the Net.
8:22 of 1st period - Icing by Tyler Myers.
8:23 of 1st period - Jason Zucker wins face-off versus Michael McLeod in VICTORIA GLADIATORS zone.
9:19 of 1st period - Mika Zibanejad is hit by Brandon Montour and loses puck.
9:26 of 1st period - Shot by Robert Thomas.
9:26 of 1st period - Stopped by Jake Oettinger without a rebound.
9:27 of 1st period - Chandler Stephenson wins face-off versus Adam Lowry in VICTORIA GLADIATORS zone.
9:45 of 1st period - Shot by Alex Iafallo.
9:45 of 1st period - Shot Misses the Net.
9:51 of 1st period - Shot by Adam Lowry.
9:51 of 1st period - Stopped by Cameron Talbot with a rebound.
9:53 of 1st period - Shot by Alex Iafallo.
9:53 of 1st period - Stopped by Cameron Talbot without a rebound.
9:54 of 1st period - Mika Zibanejad wins face-off versus Mikael Granlund in PORTLAND PIRATES zone.
10:10 of 1st period - Shot by Travis Konecny.
10:10 of 1st period - Shot Misses the Net.
10:26 of 1st period - Shot by Robert Thomas.
10:26 of 1st period - Shot Misses the Net.
10:28 of 1st period - Shot by Mika Zibanejad.
10:28 of 1st period - Goal by Mika Zibanejad - PORTLAND PIRATES : 2 - VICTORIA GLADIATORS : 0.
10:29 of 1st period - Mark Scheifele wins face-off versus Jonathan Toews in neutral zone.
10:40 of 1st period - Shot by Mark Scheifele.
10:40 of 1st period - Shot Blocked by Brett Pesce.
10:42 of 1st period - Shot by Frank Vatrano.
10:42 of 1st period - Goal by Frank Vatrano - PORTLAND PIRATES : 2 - VICTORIA GLADIATORS : 1.
10:43 of 1st period - Chandler Stephenson wins face-off versus Adam Lowry in neutral zone.
10:59 of 1st period - Shot by Chandler Stephenson.
10:59 of 1st period - Stopped by Jake Oettinger with a rebound.
11:03 of 1st period - Shot by Pavel Zacha.
11:03 of 1st period - Stopped by Jake Oettinger without a rebound.
11:04 of 1st period - Mikael Granlund wins face-off versus Jonathan Toews in VICTORIA GLADIATORS zone.
12:16 of 1st period - Shot by Travis Konecny.
12:16 of 1st period - Deflect By Robert Thomas.
12:16 of 1st period - Shot Blocked by Brandon Montour.
12:18 of 1st period - Shot by Travis Konecny.
12:18 of 1st period - Shot Misses the Net.
15:29 of 1st period - Nick Holden is hit by Brock McGinn and loses puck.
15:36 of 1st period - Shot by Cole Smith.
15:36 of 1st period - Deflect By Brock McGinn.
15:36 of 1st period - Stopped by Cameron Talbot with a rebound.
15:38 of 1st period - Shot by Noel Acciari.
15:38 of 1st period - Goal by Noel Acciari - PORTLAND PIRATES : 2 - VICTORIA GLADIATORS : 2.
15:39 of 1st period - Jonathan Toews wins face-off versus Noel Acciari in neutral zone.
15:54 of 1st period - Shot by Jonathan Toews.
15:54 of 1st period - Stopped by Jake Oettinger without a rebound.
15:55 of 1st period - Mikael Granlund wins face-off versus Chandler Stephenson in VICTORIA GLADIATORS zone.
15:55 of 1st period - Mikael Granlund is hit by Chandler Stephenson.
16:00 of 1st period - Brad Marchand is hit by Marc Staal and loses puck.
16:04 of 1st period - Minor Penalty to Alec Martinez for Roughing.
16:05 of 1st period - Mikael Granlund wins face-off versus Michael McLeod in PORTLAND PIRATES zone.
16:16 of 1st period - Shot by Brandon Montour.
16:16 of 1st period - Shot Misses the Net.
16:18 of 1st period - Shot by Mikael Granlund.
16:18 of 1st period - Goal by Mikael Granlund - PORTLAND PIRATES : 2 - VICTORIA GLADIATORS : 3.
16:19 of 1st period - Mark Scheifele wins face-off versus Jonathan Toews in neutral zone.
16:50 of 1st period - Shot by Frank Vatrano.
16:50 of 1st period - Stopped by Cameron Talbot without a rebound.
16:51 of 1st period - Mika Zibanejad wins face-off versus Brad Marchand in PORTLAND PIRATES zone.
17:06 of 1st period - Shot by Robert Thomas.
17:06 of 1st period - Shot Blocked by Brandon Montour.
17:36 of 1st period - Shot by Robert Thomas.
17:36 of 1st period - Stopped by Jake Oettinger without a rebound.
17:37 of 1st period - Mark Scheifele wins face-off versus Chandler Stephenson in VICTORIA GLADIATORS zone.
17:42 of 1st period - Yanni Gourde is hit by Jason Zucker and loses puck.
18:07 of 1st period - Shot by Chandler Stephenson.
18:07 of 1st period - Stopped by Jake Oettinger without a rebound.
18:08 of 1st period - Jonathan Toews wins face-off versus Adam Lowry in VICTORIA GLADIATORS zone.
18:13 of 1st period - Shot by Jonathan Toews.
18:13 of 1st period - Stopped by Jake Oettinger without a rebound.
18:14 of 1st period - Jonathan Toews wins face-off versus Mikael Granlund in VICTORIA GLADIATORS zone.
18:45 of 1st period - Shot by David Pastrnak.
18:45 of 1st period - Shot Misses the Net.
18:47 of 1st period - Shot by Brad Marchand.
18:47 of 1st period - Deflect By David Pastrnak.
18:47 of 1st period - Shot Misses the Net.
18:53 of 1st period - Shot by Mikael Granlund.
18:53 of 1st period - Shot Misses the Net.
19:01 of 1st period - Shot by David Pastrnak.
19:01 of 1st period - Stopped by Cameron Talbot without a rebound.
19:02 of 1st period - Mark Scheifele wins face-off versus Chandler Stephenson in PORTLAND PIRATES zone.
19:10 of 1st period - Icing by Travis Hamonic.
19:11 of 1st period - Adam Lowry wins face-off versus Chandler Stephenson in PORTLAND PIRATES zone.
19:17 of 1st period - Chandler Stephenson is hit by Ivan Provorov and loses puck.
19:20 of 1st period - Shot by Yanni Gourde.
19:20 of 1st period - Shot Misses the Net.
19:24 of 1st period - Shot by Chandler Stephenson.
19:24 of 1st period - Shot Misses the Net.
19:32 of 1st period - Shot by Pavel Zacha.
19:32 of 1st period - Stopped by Jake Oettinger without a rebound.
19:33 of 1st period - Mika Zibanejad wins face-off versus Mark Scheifele in VICTORIA GLADIATORS zone.
19:41 of 1st period - Icing by Brandon Montour.
19:42 of 1st period - Mark Scheifele wins face-off versus Mika Zibanejad in VICTORIA GLADIATORS zone.
Goals for this period are 2 for PORTLAND PIRATES vs 3 for VICTORIA GLADIATORS.
Shots for this period are 13 for PORTLAND PIRATES vs 9 for VICTORIA GLADIATORS.

2nd period


0:01 of 2nd period - Chandler Stephenson wins face-off versus Adam Lowry in neutral zone.
0:11 of 2nd period - Yanni Gourde is hit by Ivan Provorov and loses puck.
0:37 of 2nd period - Shot by Alex Iafallo.
0:37 of 2nd period - Shot Misses the Net.
0:39 of 2nd period - Shot by Alex Iafallo.
0:39 of 2nd period - Stopped by Cameron Talbot without a rebound.
0:40 of 2nd period - Mark Scheifele wins face-off versus Mika Zibanejad in PORTLAND PIRATES zone.
1:05 of 2nd period - Shot by Travis Konecny.
1:05 of 2nd period - Deflect By Mika Zibanejad.
1:05 of 2nd period - Shot Blocked by Justin Faulk.
1:19 of 2nd period - Shot by Frank Vatrano.
1:19 of 2nd period - Stopped by Cameron Talbot with a rebound.
1:49 of 2nd period - Mikael Granlund is hit by Ryan McLeod and loses puck.
2:02 of 2nd period - Shot by Thomas Chabot.
2:02 of 2nd period - Shot Misses the Net.
2:04 of 2nd period - Shot by Thomas Chabot.
2:04 of 2nd period - Shot Misses the Net.
2:06 of 2nd period - Shot by Jonathan Toews.
2:06 of 2nd period - Shot Hit the Post.
2:08 of 2nd period - Shot by Jonathan Toews.
2:08 of 2nd period - Goal by Jonathan Toews - PORTLAND PIRATES : 3 - VICTORIA GLADIATORS : 3.
2:09 of 2nd period - Adam Lowry wins face-off versus Chandler Stephenson in neutral zone.
2:14 of 2nd period - Icing by Yanni Gourde.
2:15 of 2nd period - Barclay Goodrow wins face-off versus Chandler Stephenson in PORTLAND PIRATES zone.
2:16 of 2nd period - Shot by Alex Iafallo.
2:16 of 2nd period - Stopped by Cameron Talbot without a rebound.
2:17 of 2nd period - Michael McLeod wins face-off versus Mikael Granlund in PORTLAND PIRATES zone.
2:17 of 2nd period - Michael McLeod is hit by Brad Marchand.
2:39 of 2nd period - Shot by Mikael Granlund.
2:39 of 2nd period - Stopped by Cameron Talbot with a rebound.
2:41 of 2nd period - Shot by Ivan Provorov.
2:41 of 2nd period - Shot Blocked by Brian Dumoulin.
2:43 of 2nd period - Shot by Ivan Provorov.
2:43 of 2nd period - Shot Misses the Net.
2:56 of 2nd period - Brad Marchand is hit by Brian Dumoulin and loses puck.
2:58 of 2nd period - Minor Penalty to Brian Dumoulin for Diving.
2:59 of 2nd period - Michael McLeod wins face-off versus Mark Scheifele in PORTLAND PIRATES zone.
3:31 of 2nd period - Shot by Mark Scheifele.
3:31 of 2nd period - Stopped by Cameron Talbot without a rebound.
3:32 of 2nd period - Mikael Granlund wins face-off versus Michael McLeod in PORTLAND PIRATES zone.
3:41 of 2nd period - Shot by David Pastrnak.
3:41 of 2nd period - Stopped by Cameron Talbot without a rebound.
3:42 of 2nd period - Mikael Granlund wins face-off versus Michael McLeod in PORTLAND PIRATES zone.
3:45 of 2nd period - Shot by Mikael Granlund.
3:45 of 2nd period - Shot Misses the Net.
3:47 of 2nd period - Shot by Ivan Provorov.
3:47 of 2nd period - Stopped by Cameron Talbot without a rebound.
3:48 of 2nd period - Mikael Granlund wins face-off versus Michael McLeod in PORTLAND PIRATES zone.
3:49 of 2nd period - Shot by Frank Vatrano.
3:49 of 2nd period - Shot Misses the Net.
3:51 of 2nd period - Shot by Mikael Granlund.
3:51 of 2nd period - Shot Misses the Net.
3:57 of 2nd period - Shot by Brandon Montour.
3:57 of 2nd period - Stopped by Cameron Talbot without a rebound.
3:58 of 2nd period - Michael McLeod wins face-off versus Mikael Granlund in PORTLAND PIRATES zone.
4:30 of 2nd period - Shot by Mikael Granlund.
4:30 of 2nd period - Shot Misses the Net.
4:32 of 2nd period - Shot by Brandon Montour.
4:32 of 2nd period - Stopped by Cameron Talbot without a rebound.
4:33 of 2nd period - Mark Scheifele wins face-off versus Michael McLeod in PORTLAND PIRATES zone.
4:42 of 2nd period - Shot by Justin Faulk.
4:42 of 2nd period - Stopped by Cameron Talbot without a rebound.
4:43 of 2nd period - Jason Zucker wins face-off versus Michael McLeod in PORTLAND PIRATES zone.
4:49 of 2nd period - Minor Penalty to Jason Zucker for Roughing.
4:50 of 2nd period - Travis Konecny wins face-off versus Mikael Granlund in VICTORIA GLADIATORS zone.
5:34 of 2nd period - Justin Holl is hit by Yanni Gourde and loses puck.
6:06 of 2nd period - Icing by Mika Zibanejad.
6:07 of 2nd period - Adam Lowry wins face-off versus Mika Zibanejad in PORTLAND PIRATES zone.
6:51 of 2nd period - Icing by Justin Holl.
6:52 of 2nd period - Jonathan Toews wins face-off versus Mark Scheifele in VICTORIA GLADIATORS zone.
7:01 of 2nd period - Shot by Mark Scheifele.
7:01 of 2nd period - Deflect By Frank Vatrano.
7:01 of 2nd period - Stopped by Cameron Talbot without a rebound.
7:02 of 2nd period - Jonathan Toews wins face-off versus Mikael Granlund in PORTLAND PIRATES zone.
7:27 of 2nd period - Shot by Jonathan Toews.
7:27 of 2nd period - Deflect By William Carrier.
7:27 of 2nd period - Stopped by Jake Oettinger with a rebound.
7:56 of 2nd period - Off-side.
7:57 of 2nd period - Mark Scheifele wins face-off versus Mika Zibanejad in neutral zone.
8:00 of 2nd period - Brian Dumoulin is hit by Jason Zucker and loses puck.
8:11 of 2nd period - Shot by Frank Vatrano.
8:11 of 2nd period - Shot Misses the Net.
8:13 of 2nd period - Shot by Frank Vatrano.
8:13 of 2nd period - Deflect By Mark Scheifele.
8:13 of 2nd period - Shot Misses the Net.
8:15 of 2nd period - Shot by Frank Vatrano.
8:15 of 2nd period - Stopped by Cameron Talbot without a rebound.
8:16 of 2nd period - Chandler Stephenson wins face-off versus Adam Lowry in PORTLAND PIRATES zone.
8:23 of 2nd period - Adam Lowry is hit by Pavel Zacha and loses puck.
9:02 of 2nd period - Shot by Pavel Zacha.
9:02 of 2nd period - Stopped by Jake Oettinger without a rebound.
9:03 of 2nd period - Mika Zibanejad wins face-off versus Mark Scheifele in VICTORIA GLADIATORS zone.
9:37 of 2nd period - Shot by Robert Thomas.
9:37 of 2nd period - Shot Blocked by Mark Scheifele.
9:41 of 2nd period - Shot by Robert Thomas.
9:41 of 2nd period - Deflect By Travis Konecny.
9:41 of 2nd period - Shot Blocked by Ivan Provorov.
9:43 of 2nd period - Shot by Mika Zibanejad.
9:43 of 2nd period - Shot Blocked by Ivan Provorov.
9:57 of 2nd period - Mika Zibanejad is hit by Ivan Provorov and loses puck.
10:10 of 2nd period - Shot by Jonathan Toews.
10:10 of 2nd period - Goal by Jonathan Toews - PORTLAND PIRATES : 4 - VICTORIA GLADIATORS : 3.
10:11 of 2nd period - Chandler Stephenson wins face-off versus Mikael Granlund in neutral zone.
10:26 of 2nd period - Off-side.
10:27 of 2nd period - Jonathan Toews wins face-off versus Adam Lowry in neutral zone.
10:45 of 2nd period - Shot by Adam Lowry.
10:45 of 2nd period - Stopped by Cameron Talbot without a rebound.
10:46 of 2nd period - Chandler Stephenson wins face-off versus Mikael Granlund in PORTLAND PIRATES zone.
11:51 of 2nd period - Mika Zibanejad is hit by Brad Marchand and loses puck.
12:02 of 2nd period - Shot by Travis Konecny.
12:02 of 2nd period - Stopped by Jake Oettinger without a rebound.
12:03 of 2nd period - Mark Scheifele wins face-off versus Jonathan Toews in VICTORIA GLADIATORS zone.
12:11 of 2nd period - Jonathan Toews is hit by Tyler Myers.
12:42 of 2nd period - Shot by Jonathan Toews.
12:42 of 2nd period - Stopped by Jake Oettinger without a rebound.
12:43 of 2nd period - Adam Lowry wins face-off versus Mika Zibanejad in VICTORIA GLADIATORS zone.
12:43 of 2nd period - Adam Lowry is hit by Travis Konecny.
12:49 of 2nd period - Mika Zibanejad is hit by Barclay Goodrow and loses puck.
13:20 of 2nd period - Shot by Mika Zibanejad.
13:20 of 2nd period - Deflect By Travis Konecny.
13:20 of 2nd period - Stopped by Jake Oettinger without a rebound.
13:21 of 2nd period - Noel Acciari wins face-off versus Chandler Stephenson in VICTORIA GLADIATORS zone.
13:34 of 2nd period - Shot by Chandler Stephenson.
13:34 of 2nd period - Stopped by Jake Oettinger with a rebound.
13:38 of 2nd period - Shot by Chandler Stephenson.
13:38 of 2nd period - Stopped by Jake Oettinger with a rebound.
13:40 of 2nd period - Shot by Yanni Gourde.
13:40 of 2nd period - Stopped by Jake Oettinger without a rebound.
13:41 of 2nd period - Jonathan Toews wins face-off versus Mark Scheifele in VICTORIA GLADIATORS zone.
14:03 of 2nd period - Shot by Ryan McLeod.
14:03 of 2nd period - Deflect By Jonathan Toews.
14:03 of 2nd period - Stopped by Jake Oettinger with a rebound.
14:05 of 2nd period - Shot by Ryan McLeod.
14:05 of 2nd period - Shot Blocked by Justin Faulk.
14:17 of 2nd period - Shot by William Carrier.
14:17 of 2nd period - Stopped by Jake Oettinger without a rebound.
14:18 of 2nd period - Chandler Stephenson wins face-off versus Mikael Granlund in VICTORIA GLADIATORS zone.
14:25 of 2nd period - Shot by Yanni Gourde.
14:25 of 2nd period - Stopped by Jake Oettinger without a rebound.
14:26 of 2nd period - David Pastrnak wins face-off versus Mika Zibanejad in VICTORIA GLADIATORS zone.
14:56 of 2nd period - Icing by Travis Hamonic.
14:57 of 2nd period - Mika Zibanejad wins face-off versus Mark Scheifele in PORTLAND PIRATES zone.
14:57 of 2nd period - Mika Zibanejad is hit by Jason Zucker.
15:05 of 2nd period - Shot by Travis Konecny.
15:05 of 2nd period - Deflect By Mika Zibanejad.
15:05 of 2nd period - Shot Misses the Net.
15:07 of 2nd period - Shot by Mika Zibanejad.
15:07 of 2nd period - Stopped by Jake Oettinger without a rebound.
15:08 of 2nd period - Adam Lowry wins face-off versus Chandler Stephenson in VICTORIA GLADIATORS zone.
15:13 of 2nd period - Barclay Goodrow is hit by Pavel Zacha and loses puck.
15:33 of 2nd period - Minor Penalty to Yanni Gourde for Holding.
15:34 of 2nd period - Michael McLeod wins face-off versus Mikael Granlund in PORTLAND PIRATES zone.
15:46 of 2nd period - Brandon Montour is hit by Nathan Bastian and loses puck.
15:55 of 2nd period - Shot by Brandon Montour.
15:55 of 2nd period - Stopped by Cameron Talbot without a rebound.
15:56 of 2nd period - Michael McLeod wins face-off versus Mark Scheifele in PORTLAND PIRATES zone.
16:27 of 2nd period - Shot by Jason Zucker.
16:27 of 2nd period - Stopped by Cameron Talbot without a rebound.
16:28 of 2nd period - Jonathan Toews wins face-off versus Brad Marchand in PORTLAND PIRATES zone.
16:53 of 2nd period - Shot by Mikael Granlund.
16:53 of 2nd period - Stopped by Cameron Talbot with a rebound.
17:18 of 2nd period - Shot by Frank Vatrano.
17:18 of 2nd period - Shot Misses the Net.
17:45 of 2nd period - Icing by Jan Rutta.
17:46 of 2nd period - Noel Acciari wins face-off versus Mika Zibanejad in VICTORIA GLADIATORS zone.
18:07 of 2nd period - Shot by Travis Konecny.
18:07 of 2nd period - Stopped by Jake Oettinger without a rebound.
18:08 of 2nd period - Adam Lowry wins face-off versus Pavel Zacha in VICTORIA GLADIATORS zone.
18:28 of 2nd period - Shot by Pavel Zacha.
18:28 of 2nd period - Shot Misses the Net.
18:30 of 2nd period - Shot by Yanni Gourde.
18:30 of 2nd period - Stopped by Jake Oettinger with a rebound.
18:32 of 2nd period - Shot by Chandler Stephenson.
18:32 of 2nd period - Shot Misses the Net.
18:42 of 2nd period - Shot by Pavel Zacha.
18:42 of 2nd period - Stopped by Jake Oettinger without a rebound.
18:43 of 2nd period - Mikael Granlund wins face-off versus Mika Zibanejad in VICTORIA GLADIATORS zone.
18:43 of 2nd period - Mikael Granlund is hit by Mika Zibanejad.
18:55 of 2nd period - Shot by David Pastrnak.
18:55 of 2nd period - Stopped by Cameron Talbot with a rebound.
18:57 of 2nd period - Shot by Mikael Granlund.
18:57 of 2nd period - Deflect By David Pastrnak.
18:57 of 2nd period - Shot Misses the Net.
19:29 of 2nd period - Shot by David Pastrnak.
19:29 of 2nd period - Shot Blocked by Brett Pesce.
Goals for this period are 2 for PORTLAND PIRATES vs 0 for VICTORIA GLADIATORS.
Shots for this period are 17 for PORTLAND PIRATES vs 17 for VICTORIA GLADIATORS.

3rd period


0:01 of 3rd period - Mark Scheifele wins face-off versus Chandler Stephenson in neutral zone.
0:48 of 3rd period - Chandler Stephenson is hit by Brandon Montour.
0:57 of 3rd period - Off-side.
0:58 of 3rd period - Mikael Granlund wins face-off versus William Carrier in neutral zone.
1:14 of 3rd period - Brad Marchand is hit by Marc Staal and loses puck.
2:02 of 3rd period - Off-side.
2:03 of 3rd period - Adam Lowry wins face-off versus Mika Zibanejad in neutral zone.
2:13 of 3rd period - Adam Lowry is hit by Travis Hamonic and loses puck.
2:29 of 3rd period - Alex Iafallo is hit by Travis Hamonic and loses puck.
2:48 of 3rd period - Shot by Travis Konecny.
2:48 of 3rd period - Stopped by Jake Oettinger with a rebound.
3:15 of 3rd period - Frank Vatrano is hit by Brett Pesce and loses puck.
4:26 of 3rd period - Tyler Myers is hit by William Carrier and loses puck.
4:57 of 3rd period - Shot by William Carrier.
4:57 of 3rd period - Stopped by Jake Oettinger without a rebound.
4:58 of 3rd period - Adam Lowry wins face-off versus Michael McLeod in VICTORIA GLADIATORS zone.
5:36 of 3rd period - Shot by Alex Iafallo.
5:36 of 3rd period - Shot Misses the Net.
5:54 of 3rd period - Shot by Chandler Stephenson.
5:54 of 3rd period - Shot Misses the Net.
6:39 of 3rd period - Minor Penalty to Yanni Gourde for Roughing.
6:40 of 3rd period - Michael McLeod wins face-off versus Mikael Granlund in PORTLAND PIRATES zone.
6:53 of 3rd period - Shot by Brandon Montour.
6:53 of 3rd period - Shot Misses the Net.
6:58 of 3rd period - Mikael Granlund is hit by Marc Staal and loses puck.
7:12 of 3rd period - Shot by Mikael Granlund.
7:12 of 3rd period - Shot Misses the Net.
7:15 of 3rd period - Mikael Granlund is hit by Marc Staal and loses puck.
8:04 of 3rd period - Off-side.
8:05 of 3rd period - Mark Scheifele wins face-off versus Jonathan Toews in neutral zone.
8:08 of 3rd period - Shot by Justin Faulk.
8:08 of 3rd period - Shot Misses the Net.
8:10 of 3rd period - Shot by Justin Faulk.
8:10 of 3rd period - Shot Blocked by Brett Pesce.
8:12 of 3rd period - Shot by Alex Iafallo.
8:12 of 3rd period - Stopped by Cameron Talbot without a rebound.
8:13 of 3rd period - Mark Scheifele wins face-off versus Jonathan Toews in PORTLAND PIRATES zone.
8:18 of 3rd period - Shot by Ivan Provorov.
8:18 of 3rd period - Shot Blocked by Jonathan Toews.
8:20 of 3rd period - Shot by Ivan Provorov.
8:20 of 3rd period - Stopped by Cameron Talbot with a rebound.
8:22 of 3rd period - Shot by Ivan Provorov.
8:22 of 3rd period - Stopped by Cameron Talbot without a rebound.
8:23 of 3rd period - Michael McLeod wins face-off versus Mikael Granlund in PORTLAND PIRATES zone.
9:16 of 3rd period - Shot by Travis Konecny.
9:16 of 3rd period - Stopped by Jake Oettinger without a rebound.
9:17 of 3rd period - Jonathan Toews wins face-off versus Mark Scheifele in VICTORIA GLADIATORS zone.
9:28 of 3rd period - Brian Dumoulin is hit by Frank Vatrano and loses puck.
9:34 of 3rd period - Icing by Thomas Chabot.
9:35 of 3rd period - Mikael Granlund wins face-off versus Jonathan Toews in PORTLAND PIRATES zone.
9:50 of 3rd period - Mikael Granlund is hit by William Carrier and loses puck.
10:05 of 3rd period - Shot by Jonathan Toews.
10:05 of 3rd period - Stopped by Jake Oettinger without a rebound.
10:06 of 3rd period - Mark Scheifele wins face-off versus Chandler Stephenson in VICTORIA GLADIATORS zone.
10:37 of 3rd period - Frank Vatrano is hit by Marc Staal and loses puck.
10:42 of 3rd period - Shot by Mark Scheifele.
10:42 of 3rd period - Stopped by Cameron Talbot without a rebound.
10:42 of 3rd period - Minor Penalty to Alec Martinez for Hooking.
10:43 of 3rd period - Mikael Granlund wins face-off versus Michael McLeod in PORTLAND PIRATES zone.
11:06 of 3rd period - Shot by Justin Faulk.
11:06 of 3rd period - Shot Blocked by Nick Holden.
11:12 of 3rd period - Shot by Mikael Granlund.
11:12 of 3rd period - Shot Hit the Post.
11:20 of 3rd period - Shot by Brad Marchand.
11:20 of 3rd period - Shot Misses the Net.
11:49 of 3rd period - Shot by Brandon Montour.
11:49 of 3rd period - Stopped by Cameron Talbot without a rebound.
11:50 of 3rd period - Yanni Gourde wins face-off versus Mark Scheifele in PORTLAND PIRATES zone.
11:50 of 3rd period - Yanni Gourde is hit by Jason Zucker.
12:04 of 3rd period - Shot by Frank Vatrano.
12:04 of 3rd period - Stopped by Cameron Talbot without a rebound.
12:05 of 3rd period - Michael McLeod wins face-off versus Mikael Granlund in PORTLAND PIRATES zone.
12:25 of 3rd period - Shot by David Pastrnak.
12:25 of 3rd period - Stopped by Cameron Talbot with a rebound.
12:27 of 3rd period - Shot by Brad Marchand.
12:27 of 3rd period - Deflect By Mikael Granlund.
12:27 of 3rd period - Stopped by Cameron Talbot with a rebound.
12:33 of 3rd period - Shot by David Pastrnak.
12:33 of 3rd period - Deflect By Mikael Granlund.
12:33 of 3rd period - Goal by Mikael Granlund - PORTLAND PIRATES : 4 - VICTORIA GLADIATORS : 4.
12:34 of 3rd period - Adam Lowry wins face-off versus Mika Zibanejad in neutral zone.
13:42 of 3rd period - Icing by Brandon Montour.
13:43 of 3rd period - Mark Scheifele wins face-off versus Chandler Stephenson in VICTORIA GLADIATORS zone.
13:56 of 3rd period - Shot by Pavel Zacha.
13:56 of 3rd period - Deflect By Chandler Stephenson.
13:56 of 3rd period - Shot Misses the Net.
13:58 of 3rd period - Shot by Yanni Gourde.
13:58 of 3rd period - Shot Misses the Net.
14:08 of 3rd period - Shot by Yanni Gourde.
14:08 of 3rd period - Shot Blocked by Justin Faulk.
14:27 of 3rd period - Off-side.
14:28 of 3rd period - Mikael Granlund wins face-off versus Jonathan Toews in neutral zone.
14:33 of 3rd period - Shot by Brad Marchand.
14:33 of 3rd period - Shot Misses the Net.
15:27 of 3rd period - Shot by Mika Zibanejad.
15:27 of 3rd period - Shot Misses the Net.
15:35 of 3rd period - Shot by Robert Thomas.
15:35 of 3rd period - Shot Misses the Net.
15:37 of 3rd period - Shot by Thomas Chabot.
15:37 of 3rd period - Shot Misses the Net.
16:46 of 3rd period - Off-side.
16:47 of 3rd period - Mark Scheifele wins face-off versus Jonathan Toews in neutral zone.
16:50 of 3rd period - Shot by Frank Vatrano.
16:50 of 3rd period - Stopped by Cameron Talbot without a rebound.
16:51 of 3rd period - Chandler Stephenson wins face-off versus Mark Scheifele in PORTLAND PIRATES zone.
17:09 of 3rd period - Shot by Frank Vatrano.
17:09 of 3rd period - Shot Misses the Net.
17:33 of 3rd period - Shot by Mark Scheifele.
17:33 of 3rd period - Shot Blocked by Brett Pesce.
18:43 of 3rd period - Shot by Brad Marchand.
18:43 of 3rd period - Stopped by Cameron Talbot without a rebound.
18:44 of 3rd period - Adam Lowry wins face-off versus Mika Zibanejad in PORTLAND PIRATES zone.
18:55 of 3rd period - Shot by Mika Zibanejad.
18:55 of 3rd period - Stopped by Jake Oettinger without a rebound.
18:56 of 3rd period - Jonathan Toews wins face-off versus Mark Scheifele in VICTORIA GLADIATORS zone.
18:57 of 3rd period - Shot by William Carrier.
18:57 of 3rd period - Shot Misses the Net.
18:59 of 3rd period - Shot by William Carrier.
18:59 of 3rd period - Shot Misses the Net.
19:01 of 3rd period - Shot by Jonathan Toews.
19:01 of 3rd period - Stopped by Jake Oettinger without a rebound.
19:02 of 3rd period - Mark Scheifele wins face-off versus Jonathan Toews in VICTORIA GLADIATORS zone.
19:13 of 3rd period - Shot by Mark Scheifele.
19:13 of 3rd period - Stopped by Cameron Talbot without a rebound.
19:14 of 3rd period - Mika Zibanejad wins face-off versus Mikael Granlund in PORTLAND PIRATES zone.
Goals for this period are 0 for PORTLAND PIRATES vs 1 for VICTORIA GLADIATORS.
Shots for this period are 6 for PORTLAND PIRATES vs 12 for VICTORIA GLADIATORS.

Overtime #1


0:01 of 1st overtime period - Mark Scheifele wins face-off versus Mika Zibanejad in neutral zone.
0:08 of 1st overtime period - Shot by Mark Scheifele.
0:08 of 1st overtime period - Shot Misses the Net.
0:10 of 1st overtime period - Shot by Mikael Granlund.
0:10 of 1st overtime period - Stopped by Cameron Talbot without a rebound.
0:11 of 1st overtime period - Mikael Granlund wins face-off versus Robert Thomas in PORTLAND PIRATES zone.
0:38 of 1st overtime period - Shot by Robert Thomas.
0:38 of 1st overtime period - Stopped by Jake Oettinger without a rebound.
0:39 of 1st overtime period - Robert Thomas wins face-off versus Mikael Granlund in VICTORIA GLADIATORS zone.
0:54 of 1st overtime period - Shot by Robert Thomas.
0:54 of 1st overtime period - Stopped by Jake Oettinger without a rebound.
0:55 of 1st overtime period - Mikael Granlund wins face-off versus Robert Thomas in VICTORIA GLADIATORS zone.
1:14 of 1st overtime period - Shot by Mika Zibanejad.
1:14 of 1st overtime period - Stopped by Jake Oettinger with a rebound.
1:16 of 1st overtime period - Shot by Thomas Chabot.
1:16 of 1st overtime period - Shot Blocked by Brandon Montour.
2:28 of 1st overtime period - Shot by Travis Konecny.
2:28 of 1st overtime period - Stopped by Jake Oettinger without a rebound.
2:29 of 1st overtime period - Mikael Granlund wins face-off versus Yanni Gourde in VICTORIA GLADIATORS zone.
2:47 of 1st overtime period - Shot by Mikael Granlund.
2:47 of 1st overtime period - Stopped by Cameron Talbot without a rebound.
2:48 of 1st overtime period - Robert Thomas wins face-off versus Mikael Granlund in PORTLAND PIRATES zone.
3:34 of 1st overtime period - Icing by Robert Thomas.
3:35 of 1st overtime period - Mark Scheifele wins face-off versus Robert Thomas in PORTLAND PIRATES zone.
3:36 of 1st overtime period - Shot by Justin Faulk.
3:36 of 1st overtime period - Shot Misses the Net.
4:10 of 1st overtime period - Shot by Brad Marchand.
4:10 of 1st overtime period - Stopped by Cameron Talbot without a rebound.
4:11 of 1st overtime period - Mikael Granlund wins face-off versus Chandler Stephenson in PORTLAND PIRATES zone.
4:16 of 1st overtime period - Shot by David Pastrnak.
4:16 of 1st overtime period - Shot Misses the Net.
Goals for this period are 0 for PORTLAND PIRATES vs 0 for VICTORIA GLADIATORS.
Shots for this period are 4 for PORTLAND PIRATES vs 3 for VICTORIA GLADIATORS.

ShootOut


5:00 of 1st overtime period - Round #1.
5:00 of 1st overtime period - PORTLAND PIRATES, Mika Zibanejad.
5:00 of 1st overtime period - Stopped by Jake Oettinger.
5:00 of 1st overtime period - VICTORIA GLADIATORS, David Pastrnak.
5:00 of 1st overtime period - Goal by David Pastrnak.
5:00 of 1st overtime period - Round #2.
5:00 of 1st overtime period - PORTLAND PIRATES, Travis Konecny.
5:00 of 1st overtime period - Goal by Travis Konecny.
5:00 of 1st overtime period - VICTORIA GLADIATORS, Brad Marchand.
5:00 of 1st overtime period - Shot Misses the Net.
5:00 of 1st overtime period - Round #3.
5:00 of 1st overtime period - PORTLAND PIRATES, Robert Thomas.
5:00 of 1st overtime period - Shot Misses the Net.
5:00 of 1st overtime period - VICTORIA GLADIATORS, Jason Zucker.
5:00 of 1st overtime period - Stopped by Cameron Talbot.
5:00 of 1st overtime period - Round #4.
5:00 of 1st overtime period - PORTLAND PIRATES, Chandler Stephenson.
5:00 of 1st overtime period - Stopped by Jake Oettinger.
5:00 of 1st overtime period - VICTORIA GLADIATORS, Alex Iafallo.
5:00 of 1st overtime period - Stopped by Cameron Talbot.
5:00 of 1st overtime period - Round #5.
5:00 of 1st overtime period - PORTLAND PIRATES, Pavel Zacha.
5:00 of 1st overtime period - Goal by Pavel Zacha.
5:00 of 1st overtime period - VICTORIA GLADIATORS, Frank Vatrano.
5:00 of 1st overtime period - Stopped by Cameron Talbot.


BLAKE
WHEELER
STEVEN
STAMKOS
DREW
DOUGHTY

EAST COAST

HOCKEY LEAGUE

  • 63.RHI2PIT5
  • 64.WOR4ATL3
  • 65.QUECHW
  • 66.CHATRV